 Dungeon Crawl Stone Soup version 0.31-a0-232-gb1c03b2570 (webtiles) character file.

Game seed: 8009051917657401312

35 qw the Shooter (level 3, -4/21 HPs)
             Began as a Gargoyle Hexslinger on July 7, 2023.
             Slain by a goblin
             ... wielding a +0 club
             ... led by Robin
              (6 damage)
             ... on level 2 of the Dungeon.
             The game lasted 00:00:17 (860 turns).

qw the Shooter (Gargoyle Hexslinger)                 Turns: 860, Time: 00:00:18

Health: -4/21      AC:  9    Str: 11    XL:     3   Next: 33%
Magic:  4/4        EV: 10    Int: 13    God:
Gold:   65         SH:  0    Dex: 14    Spells: 3/4 levels left

rFire   . . .        Y - +1 sling
rCold   . . .        (no shield)
rNeg    + . .        h - +0 ring mail
rPois   inf          (no helmet)
rElec   +            (no cloak)
rCorr   .            (no gloves)
SInv    .            d - +0 pair of boots
Will    .....        (no amulet)
Stlth   +            (no ring)
HPRegen 0.23/turn    (no ring)
MPRegen 0.09/turn

%: no passive effects
@: no status effects
A: sickness immunity, AC +3, negative energy resistance 1, electricity
resistance, torment resistance 1, petrification resistance
a: no special abilities


You were on level 2 of the Dungeon.
You visited 1 branch of the dungeon, and saw 2 of its levels.

You collected 65 gold pieces.


Innate Abilities, Weirdness & Mutations

You are immune to sickness and miasma.
Your stone body is resilient. (AC +3)
You are immune to poison.
You resist negative energy. (rN+)
You are resistant to electric shocks. (rElec)
You are resistant to unholy torment.
You are immune to petrification.


   Skills:
 - Level 2.0 Fighting
 - Level 3.2 Ranged Weapons
 + Level 0.4 Armour
 - Level 1.5 Dodging
 - Level 1.0 Spellcasting
 - Level 2.6 Hexes


You had 3 spell levels left.
You knew the following spells:

 Your Spells              Type           Power      Damage    Failure   Level
a - Slow                  Hex            28%        N/A       22%         1

Your spell library contained the following spells:

 Spells                   Type           Power      Damage    Failure   Level
 Inner Flame              Hex/Fire       4%         N/A       75%         3
 Portal Projectile        Hex/Tloc       8%         N/A       75%         3
 Cause Fear               Hex            3%         N/A       92%         4

Inventory:

Hand Weapons
 Y - a +1 sling (weapon)
Armour
 d - a +0 pair of boots (worn)
 h - a +0 ring mail (worn)
Potions
 e - a potion of curing {unknown}
 g - a potion of cancellation {unknown}

Dungeon Overview and Level Annotations

Branches:
Dungeon (2/15)

Altars:

Annotations:
D:2 Robin


Message History

The sling bullet hits the goblin!
You kill the goblin!
Robin of the Strong Arm comes into view.
They are wielding a +0 spear.
You shoot a sling bullet.
Robin shouts!
The sling bullet hits the hobgoblin!
You kill the hobgoblin!
A hobgoblin comes into view.
Robin roars a battlecry!
The goblins go into a battle-frenzy!
You shoot a sling bullet.
The sling bullet barely misses the goblin.
The hobgoblin shouts!
The sling bullet hits the goblin!
You kill the goblin!
You hear a shout!
You shoot a sling bullet.
The sling bullet closely misses the goblin.
The goblin barely misses you. Robin throws the goblin at you!
You shoot a sling bullet. The sling bullet hits the goblin.
The goblin is heavily wounded.
The goblin hits you but does no damage.
A goblin comes into view. It is wielding a +0 club.
An endoplasm comes into view.
The goblin hits you but does no damage. The goblin hits you with a +0 club.
The goblin hits you but does no damage.
The goblin moves out of view.
The endoplasm moves out of view.
You shoot a sling bullet.
The sling bullet closely misses the goblin.
The goblin hits you with a +0 club. x2
You shoot a sling bullet.
The sling bullet closely misses the goblin.
The goblin closely misses you. The goblin hits you but does no damage.
The goblin hits you with a +0 dagger. Robin throws the goblin at you!
You shoot a sling bullet.
The sling bullet closely misses the goblin.
The goblin hits you with a +0 club.
The goblin hits you but does no damage. x2
Robin hits you from afar with a +0 spear.
The goblin hits you with a +0 club.
You die...

#. #.#########
#.........#
#.........#
#.........#
#.........#
#........g####
#.......@g.$.#
#...<..gg..#...#
#.########g# . #
g# ) .) .. ..J


You could see Robin, an endoplasm (wandering), a hobgoblin (strong) and 4
goblins.

Vanquished Creatures
  A gnoll (D:1)
  4 ball pythons (D:1)
  2 bats (D:1)
  2 endoplasms (D:1)
  4 goblins
  2 hobgoblins
  2 quokkas (D:1)
  3 kobolds (D:1)
  4 rats (D:1)
24 creatures vanquished.

Notes
Turn   | Place    | Note
-------+----------+-------------------------------------------
     0 | D:1      | qw the Gargoyle Hexslinger began the quest for the Orb.
     0 | D:1      | Reached XP level 1. HP: 12/12 MP: 2/2
     0 | D:1      | 0 ||| qw: Version: 0.3-a-46-gb1f654a
     0 | D:1      | 0 ||| qw: Game counter: 2508
     0 | D:1      | 0 ||| qw: Melee chars always use a shield: true
     0 | D:1      | 0 ||| qw: God list: Okawaru
     0 | D:1      | 0 ||| qw: Allow faded altars: false
     0 | D:1      | 0 ||| qw: Do Orc after clearing Dungeon:15 true
     0 | D:1      | 0 ||| qw: Do second Lair branch before Depths: true
     0 | D:1      | 0 ||| qw: Lair rune preference: random
     0 | D:1      | 0 ||| qw: Goals: Normal
     0 | D:1      | 0 ||| PLANNING D:1-11
    44 | D:1      | HP: 3/12 [gnoll/boomerang of dispersal (7)]
    52 | D:1      | Reached skill level 3 in Ranged Weapons
    52 | D:1      | Reached XP level 2. HP: 7/16 MP: 3/3
   386 | D:1      | Reached XP level 3. HP: 21/21 MP: 4/4
   765 | D:1      | 765 ||| UPGRADING to +0 pair of boots.
   770 | D:1      | 770 ||| UPGRADING to +0 ring mail.
   780 | D:1      | 780 ||| DROPPING +0 robe.
   781 | D:1      | 781 ||| READING scroll labelled WUGUOS NOUNEU.
   782 | D:1      | 782 ||| READING scroll labelled FIGRODDERO.
   797 | D:1      | 797 ||| READING scroll labelled HOGARIUMEU.
   798 | D:1      | 798 ||| DROPPING scroll of poison.
   853 | D:2      | Noticed Robin
   860 | D:2      | HP: 4/21 [goblin/+0 club[Robin] (5)]
   860 | D:2      | Slain by a goblin

Levels and vault maps discovered:
D:1:      psy_arrival_terrarium, layout_loops_ring, st_stairs_8
D:2:      layout_rooms, basic_altar, ebering_ecumenical_altar_box,
          kennysheep_cluttered_room, minmay_pentomino_x2, uniq_jessica,
          uniq_robin

Skill      XL: |  1  2  3 |
---------------+----------+-----
Ranged Weapons | 3 |  3.2
Fighting       | 2 |  2.0
Armour         | |  0.4
Dodging        | |  1.5
Spellcasting   | |  1.0
Hexes          | |  2.6

Action                     || total
---------------------------++-------
   Fire: Sling             ||    62
    Use: Scroll            ||     3
 Armour: Robe              ||     8
         Ring mail         ||     7
  Dodge: Dodged            ||    10

Table legend:
 A = Non-vault XP
 B = Vault XP
 C = Vault XP percentage of total XP
 D = Non-vault monster count
 E = Vault monster count
 F = Vault count percentage of total count
                 A         B        C        D         E       F
            +---------+---------+-------+---------+---------+-------
      Total |      42 |       8 |  16.0 |      20 |       4 |  16.7
            +---------+---------+-------+---------+---------+-------
        D:1 |      42 |       2 |   4.5 |      20 |       1 |   4.8
        D:2 |       0 |       6 | 100.0 |       0 |       3 | 100.0
            +---------+---------+-------+---------+---------+-------
